AoeStats
← DK_Odysseo

Arabia

507514583Analyzed
1v1 RM · 14d ago on Sep 18, 2026· 38m 28s· 2 players
Game mode
Random Map
Map size
Tiny (2 player)
Population
200
Speed
Normal
Resources
Standard
Victory
Conquest
Starting age
Dark Age
Ending age
Imperial Age
RankedLock teamsTeams togetherTeam positionsShared explorationLock speedFull tech treeHidden civsTurbo modeCheats
Victory
Defeat
🇪🇸 Cumans · Spain
1833
+13
🇩🇪 Khmer · Germany
1765
-13
SbS | Havoc
5:45 Loom
8:31 Feudal Age
9:06 Double-Bit Axe
10:33 Horse Collar
17:51 Wheelbarrow
22:15 Castle Age
20:38 Gold Mining
21:19 Bloodlines
22:32 Light Cavalry
23:25 Scale Barding Armor
24:24 Husbandry
32:39 Chain Barding Armor
37:39 Hand Cart
DK_Odysseo
5:36 Loom
8:45 Feudal Age
9:23 Double-Bit Axe
10:00 Horse Collar
19:39 Castle Age
18:19 Forging
18:47 Bloodlines
18:44 Scale Barding Armor
21:04 Bow Saw
27:10 Wheelbarrow
27:03 Heavy Plow
27:17 Light Cavalry
28:49 Chain Barding Armor
29:45 Light Cavalry
30:48 Squires
30:47 Pikeman
31:40 Scale Mail Armor
32:22 Gold Mining
33:17 Chain Mail Armor
33:02 Man-at-Arms
33:40 Man-at-Arms
33:56 Man-at-Arms
34:38 Capped Ram
39:55 Imperial Age
37:11 Town Watch
Connection lost

Rejoining the realm…

Still unreachable

The connection could not be restored.

Session expired

The server has moved on; the page needs a fresh start.